General information
- name: BNet
- type: Ladder team game (AT/RT)
- host: Battle.net
- saver: 347834578235782
map: FullScaleAssault
- players: 8
- length: 60:54
- speed: Fast
- version: 1.26 W3XP
- replay type: Public
» download(314 KB)
Players
team 1 (loser)
IFEEDMYTEAM (
green | 42 APM | 1736 actions | 41:09)
4 Archmage
2 Summon Water Elemental
2 Brilliance Aura
6 Far Seer
2 Feral Spirit
3 Chain Lighting
1 Earth Quake
» actions
| Assign group hotkey | 11 | |
| Build / train | 82 | |
| Enter build submenu | 44 | |
| Enter hero's abilities submenu | 10 | |
| Remove unit from queue | 4 | |
| Right click | 1090 | |
| Select / deselect | 375 | |
| Select group hotkey | 31 | |
| Use ability | 89 | |
1736 total
» units
| Peasant | 8 | |
| Peon | 5 | |
| Gryphon Rider | 9 | |
| Tauren | 10 | |
| Shaman | 9 | |
| Troll Batrider | 5 | |
| Wind Rider | 5 | |
51 total
» upgrades
| Spiked Barricades | 1 | |
| Armor | 2 | |
| Melee Weapons | 1 | |
| Storm Hammers | 1 | |
| Shaman Training | 2 | |
| Swords | 1 | |
| Pulverize | 1 | |
| Envenomed Spears | 1 | |
10 total
» buildings
| Altar of Kings | 1 | |
| Farm | 13 | |
| Lumber Mill | 1 | |
| Altar of Storms | 1 | |
| Orc Burrow | 8 | |
| War Mill | 1 | |
| Keep | 1 | |
| Blacksmith | 1 | |
| Voodoo Lounge | 1 | |
| Stronghold | 1 | |
| Arcane Vault | 1 | |
| Watch Tower | 6 | |
| Scout Tower | 6 | |
| Castle | 1 | |
| Gryphon Aviary | 2 | |
| Guard Tower | 2 | |
| Fortress | 1 | |
| Spirit Lodge | 1 | |
| Great Hall | 2 | |
| Tauren Totem | 2 | |
| Beastiary | 2 | |
55 total
» build order
00:11 Altar of Kings
00:18 Farm
00:55 Lumber Mill
01:23 Farm
01:35 Altar of Storms
01:40 Orc Burrow
01:52 War Mill
02:18 Keep
02:37 Blacksmith
02:39 Farm
02:59 Orc Burrow
03:40 Voodoo Lounge
03:52 Farm
03:52 Farm
03:54 Farm
03:58 Stronghold
04:15 Arcane Vault
04:31 Watch Tower
04:35 Watch Tower
04:39 Watch Tower
04:45 Scout Tower
04:48 Scout Tower
04:50 Scout Tower
04:53 Castle
04:59 Orc Burrow
05:18 Gryphon Aviary
05:22 Gryphon Aviary
05:39 Orc Burrow
05:45 Guard Tower
06:22 Guard Tower
06:46 Fortress
06:58 Spirit Lodge
07:55 Great Hall
08:13 Orc Burrow
08:22 Scout Tower
08:22 Scout Tower
08:23 Scout Tower
08:39 Farm
08:40 Farm
08:41 Farm
09:28 Tauren Totem
09:31 Tauren Totem
10:04 Farm
10:16 Orc Burrow
10:17 Orc Burrow
12:11 Farm
12:12 Farm
18:52 Orc Burrow
18:56 Beastiary
19:00 Beastiary
28:20 Great Hall
30:42 Watch Tower
32:36 Watch Tower
32:36 Watch Tower
» items
| Healing Salve | 1 | |
| Lesser Clarity Potion | 1 | |
2 total
Jessica3436 (
red | 47 APM | 2872 actions | 60:36)
5 Far Seer
3 Feral Spirit
2 Chain Lighting
6 Tauren Chieftain
3 War Stomp
2 Endurance Aura
1 Reincarnation
3 Shadow Hunter
2 Hex
1 Healing Wave
» actions
| Assign group hotkey | 21 | |
| Basic commands | 78 | |
| Build / train | 91 | |
| Enter build submenu | 40 | |
| Enter hero's abilities submenu | 14 | |
| Give item / drop item | 5 | |
| Right click | 1184 | |
| Select / deselect | 582 | |
| Select group hotkey | 719 | |
| Use ability | 138 | |
2872 total
» units
| Peon | 33 | |
| Troll Headhunter/Berserker | 10 | |
| Shaman | 4 | |
| Goblin Shredder | 1 | |
| Troll Witch Doctor | 3 | |
51 total
» upgrades
| Troll Regeneration | 1 | |
| Armor | 3 | |
| Berserker Upgrade | 1 | |
| Shaman Training | 2 | |
| Witch Doctor Training | 2 | |
| Ranged Weapons | 3 | |
| Reinforced Defenses | 1 | |
| Spiked Barricades | 2 | |
15 total
» buildings
| Orc Burrow | 13 | |
| Altar of Storms | 1 | |
| War Mill | 1 | |
| Stronghold | 1 | |
| Barracks | 2 | |
| Voodoo Lounge | 1 | |
| Fortress | 1 | |
| Great Hall | 4 | |
| Spirit Lodge | 2 | |
| Watch Tower | 13 | |
39 total
» build order
00:12 Orc Burrow
00:16 Altar of Storms
01:01 War Mill
01:46 Orc Burrow
02:28 Stronghold
02:54 Barracks
02:58 Barracks
03:19 Orc Burrow
03:27 Voodoo Lounge
05:20 Orc Burrow
06:20 Fortress
06:46 Orc Burrow
07:47 Great Hall
09:42 Spirit Lodge
09:45 Spirit Lodge
10:10 Orc Burrow
13:07 Orc Burrow
13:09 Orc Burrow
13:35 Watch Tower
13:37 Watch Tower
13:41 Watch Tower
18:20 Watch Tower
18:24 Watch Tower
18:27 Watch Tower
19:29 Watch Tower
20:26 Watch Tower
20:28 Watch Tower
21:05 Watch Tower
21:54 Watch Tower
22:12 Watch Tower
22:15 Watch Tower
24:08 Great Hall
24:33 Orc Burrow
24:35 Orc Burrow
27:48 Great Hall
30:26 Orc Burrow
30:27 Orc Burrow
32:05 Orc Burrow
36:41 Great Hall
» items
| Orb of Lightning | 1 | |
| Potion of Mana | 1 | |
| Scroll of Town Portal | 4 | |
6 total
Hoarder (
pink | 41 APM | 2459 actions | 60:36)
9 Blademaster
3 Wind Walk
3 Critical Strike
1 Bladestorm
2 Mirror Image
» actions
| Assign group hotkey | 14 | |
| Basic commands | 199 | |
| Build / train | 89 | |
| Enter build submenu | 79 | |
| Enter hero's abilities submenu | 9 | |
| Give item / drop item | 10 | |
| Right click | 823 | |
| Select / deselect | 537 | |
| Select group hotkey | 398 | |
| Use ability | 301 | |
2459 total
» units
| Peon | 16 | |
| Grunt | 4 | |
| Goblin Shredder | 1 | |
| Goblin Zeppelin | 4 | |
| Goblin Sapper | 7 | |
| Blue Dragon | 4 | |
| Troll Batrider | 3 | |
39 total
» upgrades
| Reinforced Defenses | 1 | |
| Ranged Weapons | 3 | |
| Armor | 3 | |
| Troll Regeneration | 1 | |
| Liquid Fire | 1 | |
| Envenomed Spears | 1 | |
| Ensnare | 1 | |
| Pillage | 1 | |
| Burning Oil | 1 | |
13 total
» buildings
| Orc Burrow | 4 | |
| Altar of Storms | 2 | |
| Barracks | 1 | |
| Voodoo Lounge | 3 | |
| Stronghold | 1 | |
| War Mill | 2 | |
| Great Hall | 7 | |
| Fortress | 1 | |
| Watch Tower | 72 | |
| Beastiary | 4 | |
97 total
» build order
00:12 Orc Burrow
00:34 Orc Burrow
00:50 Altar of Storms
01:02 Altar of Storms
01:05 Barracks
01:59 Voodoo Lounge
02:52 Stronghold
03:43 Orc Burrow
04:48 War Mill
04:59 Great Hall
06:38 Fortress
06:46 Watch Tower
06:46 Watch Tower
06:47 Watch Tower
06:48 Watch Tower
07:43 Orc Burrow
07:58 Watch Tower
07:59 Watch Tower
10:41 Great Hall
12:03 Watch Tower
12:03 Watch Tower
12:04 Watch Tower
12:07 Watch Tower
12:10 Watch Tower
12:11 Watch Tower
12:12 Watch Tower
14:22 Watch Tower
14:23 Watch Tower
14:24 Watch Tower
14:25 Watch Tower
14:26 Watch Tower
14:27 Watch Tower
14:28 Watch Tower
16:05 Watch Tower
16:06 Watch Tower
16:08 Watch Tower
16:09 Watch Tower
16:09 Watch Tower
17:12 Beastiary
17:12 Beastiary
17:13 Beastiary
17:17 Watch Tower
19:38 War Mill
20:30 Watch Tower
20:35 Watch Tower
20:36 Watch Tower
20:37 Watch Tower
20:42 Watch Tower
20:44 Watch Tower
25:17 Great Hall
25:20 Watch Tower
25:21 Watch Tower
25:22 Watch Tower
26:07 Great Hall
26:39 Watch Tower
26:39 Watch Tower
26:40 Watch Tower
26:40 Watch Tower
26:42 Watch Tower
26:43 Watch Tower
26:43 Watch Tower
26:44 Watch Tower
26:49 Voodoo Lounge
30:38 Great Hall
30:41 Watch Tower
30:41 Watch Tower
30:41 Watch Tower
30:42 Watch Tower
30:44 Watch Tower
30:44 Watch Tower
30:45 Watch Tower
30:45 Watch Tower
30:46 Watch Tower
30:47 Watch Tower
30:47 Watch Tower
30:48 Watch Tower
30:54 Voodoo Lounge
39:56 Great Hall
40:35 Watch Tower
40:36 Watch Tower
40:36 Watch Tower
40:37 Watch Tower
40:39 Watch Tower
40:39 Watch Tower
40:40 Watch Tower
40:41 Watch Tower
41:53 Great Hall
41:55 Watch Tower
41:56 Watch Tower
41:57 Watch Tower
41:57 Watch Tower
41:58 Watch Tower
41:59 Watch Tower
41:59 Watch Tower
42:00 Watch Tower
» items
| Healing Salve | 3 | |
| Boots of Speed | 1 | |
| Scroll of Regeneration | 2 | |
| Mechanical Critter | 2 | |
| Potion of Healing | 3 | |
| Potion of Mana | 4 | |
| Lesser Clarity Potion | 3 | |
| Scroll of Town Portal | 4 | |
| Orb of Lightning | 1 | |
| Potion of Lesser Invulnerability | 1 | |
| Staff of Teleportation | 1 | |
25 total
buttdart (
orange | 5 APM | 7 actions | 01:23)
team 2 (winner)

»
Warmonger- (
blue | 58 APM | 1591 actions | 27:30)
5 Priestess of the Moon
3 Searing Arrows
2 Trueshot Aura
» actions
| Assign group hotkey | 26 | |
| Basic commands | 24 | |
| Build / train | 69 | |
| Enter build submenu | 22 | |
| Enter hero's abilities submenu | 5 | |
| Remove unit from queue | 1 | |
| Right click | 857 | |
| Select / deselect | 297 | |
| Select group hotkey | 228 | |
| Use ability | 62 | |
1591 total
» units
| Wisp | 23 | |
| Archer | 12 | |
| Hippogryph | 7 | |
| Druid of the Talon | 2 | |
| Faerie Dragon | 1 | |
| Goblin Zeppelin | 1 | |
46 total
» upgrades
| Strength of the Moon | 3 | |
| Improved Bows | 1 | |
| Hippogryph Taming | 1 | |
| Druid of the Talon Training | 2 | |
| Moon Armor | 1 | |
| Marksmanship | 1 | |
| Mark of the Talon | 1 | |
| Ultravision | 1 | |
| Well Spring | 1 | |
12 total
» buildings
| Altar of Elders | 1 | |
| Moon Well | 7 | |
| Ancient of War | 4 | |
| Tree of Ages | 1 | |
| Hunter's Hall | 1 | |
| Ancient of Wind | 2 | |
| Ancient of Wonders | 1 | |
| Tree of Eternity | 1 | |
| Tree of Life | 3 | |
| Ancient Protector | 3 | |
24 total
» build order
00:25 Altar of Elders
00:29 Moon Well
01:00 Ancient of War
02:31 Moon Well
02:34 Moon Well
02:51 Tree of Ages
03:01 Moon Well
03:32 Hunter's Hall
04:23 Moon Well
05:22 Ancient of Wind
05:29 Ancient of Wonders
06:24 Ancient of War
06:28 Ancient of War
06:32 Ancient of War
06:40 Ancient of Wind
07:33 Tree of Eternity
08:03 Tree of Life
12:24 Tree of Life
13:48 Moon Well
13:54 Moon Well
14:33 Ancient Protector
15:15 Ancient Protector
15:18 Ancient Protector
26:02 Tree of Life
» items
| Scroll of Town Portal | 1 | |
| Healing Salve | 1 | |
2 total

»
CECR (
yellow | 97 APM | 2801 actions | 28:43)
5 Archmage
3 Summon Water Elemental
2 Brilliance Aura
5 Blood Mage
2 Flame Strike
3 Siphon Mana
» actions
| Assign group hotkey | 45 | |
| Basic commands | 219 | |
| Build / train | 72 | |
| Enter build submenu | 24 | |
| Enter hero's abilities submenu | 10 | |
| Give item / drop item | 3 | |
| Remove unit from queue | 2 | |
| Right click | 793 | |
| Select / deselect | 583 | |
| Select group hotkey | 993 | |
| Use ability | 54 | |
2801 total
» units
| Peasant | 16 | |
| Footman | 2 | |
| Rifleman | 12 | |
| Mortar Team | 10 | |
| Priest | 7 | |
47 total
» upgrades
| Gunpowder | 1 | |
| Priest Training | 2 | |
| Long Rifles | 1 | |
4 total
» buildings
| Altar of Kings | 1 | |
| Barracks | 1 | |
| Farm | 10 | |
| Blacksmith | 1 | |
| Arcane Vault | 1 | |
| Keep | 1 | |
| Lumber Mill | 1 | |
| Workshop | 1 | |
| Arcane Sanctum | 1 | |
| Castle | 1 | |
| Town Hall | 2 | |
21 total
» build order
00:08 Altar of Kings
00:14 Barracks
00:27 Farm
01:28 Blacksmith
01:33 Farm
02:01 Arcane Vault
02:23 Farm
03:14 Farm
04:15 Farm
04:47 Keep
05:23 Farm
05:54 Lumber Mill
06:45 Farm
07:19 Workshop
07:27 Arcane Sanctum
08:06 Farm
09:16 Farm
09:54 Farm
11:57 Castle
13:42 Town Hall
26:48 Town Hall
» items
| Scroll of Town Portal | 3 | |
| Orb of Lightning | 1 | |
| Potion of Healing | 1 | |
5 total
347834578235782 (
purple | 68 APM | 4156 actions | 60:54)
8 Archmage
2 Summon Water Elemental
3 Brilliance Aura
2 Blizzard
1 Mass Teleport
6 Blood Mage
3 Flame Strike
2 Banish
1 Summon Phoenix
» actions
| Assign group hotkey | 177 | |
| Basic commands | 82 | |
| Build / train | 210 | |
| ESC pressed | 2 | |
| Enter build submenu | 88 | |
| Enter hero's abilities submenu | 14 | |
| Give item / drop item | 16 | |
| Remove unit from queue | 2 | |
| Right click | 1741 | |
| Select / deselect | 613 | |
| Select group hotkey | 758 | |
| Use ability | 451 | |
4156 total
» units
| Peasant | 25 | |
| Footman | 5 | |
| Goblin Shredder | 3 | |
| Goblin Zeppelin | 14 | |
| Blue Dragon | 3 | |
| Dragonhawk Rider | 1 | |
| Sorceress | 1 | |
| Gryphon Rider | 6 | |
58 total
» upgrades
| Masonry | 3 | |
| Swords | 3 | |
| Armor | 3 | |
| Animal War Training | 1 | |
| Sorceress Training | 1 | |
| Cloud | 1 | |
| Storm Hammers | 1 | |
13 total
» buildings
| Barracks | 2 | |
| Altar of Kings | 2 | |
| Farm | 16 | |
| Arcane Vault | 1 | |
| Lumber Mill | 1 | |
| Town Hall | 5 | |
| Scout Tower | 52 | |
| Guard Tower | 59 | |
| Keep | 4 | |
| Blacksmith | 2 | |
| Castle | 3 | |
| Gryphon Aviary | 4 | |
| Arcane Sanctum | 2 | |
| Moon Well | 10 | |
163 total
» build order
00:50 Barracks
00:52 Altar of Kings
00:54 Farm
01:05 Farm
01:24 Farm
01:55 Arcane Vault
02:13 Farm
03:11 Lumber Mill
04:16 Town Hall
04:17 Scout Tower
04:18 Scout Tower
04:19 Scout Tower
04:20 Scout Tower
04:24 Scout Tower
04:50 Guard Tower
04:50 Guard Tower
04:51 Guard Tower
04:51 Guard Tower
04:51 Guard Tower
04:58 Guard Tower
04:59 Guard Tower
06:39 Keep
06:39 Keep
06:39 Keep
06:43 Blacksmith
06:45 Blacksmith
07:40 Guard Tower
07:40 Guard Tower
07:40 Guard Tower
07:47 Scout Tower
07:48 Scout Tower
07:50 Scout Tower
08:25 Guard Tower
08:25 Guard Tower
08:27 Guard Tower
08:27 Guard Tower
08:27 Guard Tower
09:22 Castle
09:22 Castle
09:23 Castle
10:58 Farm
10:59 Farm
11:01 Farm
11:02 Farm
12:11 Gryphon Aviary
12:12 Gryphon Aviary
12:16 Gryphon Aviary
12:18 Gryphon Aviary
15:38 Scout Tower
15:39 Scout Tower
15:41 Scout Tower
15:43 Scout Tower
15:48 Scout Tower
15:48 Scout Tower
15:50 Scout Tower
15:58 Farm
15:58 Farm
15:59 Farm
16:24 Guard Tower
16:24 Guard Tower
17:13 Scout Tower
17:14 Scout Tower
17:17 Scout Tower
17:18 Scout Tower
17:19 Scout Tower
17:37 Guard Tower
17:37 Guard Tower
17:38 Guard Tower
17:40 Arcane Sanctum
17:47 Scout Tower
17:50 Guard Tower
17:50 Guard Tower
17:58 Guard Tower
17:59 Guard Tower
17:59 Guard Tower
18:03 Altar of Kings
18:07 Barracks
18:52 Guard Tower
18:52 Guard Tower
20:05 Arcane Sanctum
20:35 Town Hall
20:37 Scout Tower
20:38 Scout Tower
20:39 Scout Tower
20:40 Scout Tower
20:41 Scout Tower
20:44 Scout Tower
20:45 Scout Tower
20:46 Scout Tower
20:47 Scout Tower
20:47 Scout Tower
20:50 Scout Tower
20:51 Scout Tower
20:52 Scout Tower
20:54 Scout Tower
20:55 Scout Tower
27:05 Town Hall
27:09 Scout Tower
27:10 Scout Tower
27:11 Scout Tower
27:12 Scout Tower
27:13 Scout Tower
27:16 Scout Tower
27:17 Scout Tower
27:18 Scout Tower
27:22 Scout Tower
27:23 Scout Tower
27:24 Scout Tower
27:25 Scout Tower
27:26 Scout Tower
27:30 Scout Tower
27:33 Scout Tower
27:36 Scout Tower
27:37 Guard Tower
27:37 Guard Tower
27:38 Guard Tower
27:38 Guard Tower
27:38 Guard Tower
27:39 Guard Tower
27:40 Guard Tower
27:40 Guard Tower
27:44 Guard Tower
27:44 Guard Tower
27:45 Guard Tower
28:27 Guard Tower
28:28 Guard Tower
28:28 Guard Tower
28:55 Guard Tower
28:56 Guard Tower
30:04 Town Hall
41:56 Farm
41:57 Farm
41:58 Farm
42:00 Farm
42:00 Farm
43:54 Town Hall
55:43 Moon Well
55:43 Moon Well
55:47 Moon Well
55:50 Moon Well
55:54 Moon Well
56:01 Moon Well
56:02 Moon Well
56:03 Moon Well
56:05 Moon Well
56:07 Moon Well
» items
| Staff of Teleportation | 1 | |
| Tome of Retraining | 1 | |
| Periapt of Vitality | 1 | |
| Scroll of Regeneration | 9 | |
| Scroll of Town Portal | 6 | |
| Staff of Sanctuary | 1 | |
| Lesser Clarity Potion | 3 | |
| Potion of Healing | 2 | |
| Potion of Mana | 1 | |
| Potion of Lesser Invulnerability | 1 | |
| Mechanical Critter | 3 | |
29 total
GODBASHER. (
teal | 44 APM | 2693 actions | 60:36)
7 Blademaster
3 Wind Walk
3 Critical Strike
1 Mirror Image
1 Naga Sea Witch
1 Frost Arrows
1 Dark Ranger
1 Black Arrow
» actions
| Assign group hotkey | 45 | |
| Basic commands | 30 | |
| Build / train | 74 | |
| Enter build submenu | 39 | |
| Enter hero's abilities submenu | 9 | |
| Give item / drop item | 4 | |
| Remove unit from queue | 1 | |
| Right click | 1200 | |
| Select / deselect | 372 | |
| Select group hotkey | 677 | |
| Use ability | 242 | |
2693 total
» units
| Peon | 25 | |
| Wind Rider | 4 | |
| Goblin Zeppelin | 4 | |
| Goblin Shredder | 2 | |
| Goblin Sapper | 1 | |
36 total
» upgrades
| Reinforced Defenses | 1 | |
| Ranged Weapons | 2 | |
| Armor | 2 | |
| Envenomed Spears | 1 | |
| Liquid Fire | 1 | |
7 total
» buildings
| Altar of Storms | 1 | |
| Orc Burrow | 5 | |
| Voodoo Lounge | 2 | |
| Stronghold | 3 | |
| War Mill | 2 | |
| Fortress | 1 | |
| Beastiary | 3 | |
| Great Hall | 2 | |
| Watch Tower | 103 | |
122 total
» build order
00:08 Altar of Storms
00:18 Orc Burrow
00:50 Voodoo Lounge
02:11 Stronghold
03:02 War Mill
03:07 Orc Burrow
03:08 Orc Burrow
03:09 Orc Burrow
04:37 Fortress
04:41 Beastiary
04:43 Beastiary
05:38 Great Hall
06:26 Beastiary
10:29 Watch Tower
10:29 Watch Tower
10:30 Watch Tower
10:30 Watch Tower
10:31 Watch Tower
10:40 Watch Tower
10:41 Watch Tower
10:43 Watch Tower
13:02 Watch Tower
13:02 Watch Tower
13:02 Watch Tower
13:03 Watch Tower
13:08 Watch Tower
13:54 Watch Tower
13:54 Watch Tower
14:08 Watch Tower
14:08 Watch Tower
14:10 Watch Tower
14:11 Watch Tower
14:12 Watch Tower
14:38 Watch Tower
15:50 Watch Tower
15:50 Watch Tower
15:51 Watch Tower
15:51 Watch Tower
15:51 Watch Tower
15:52 Watch Tower
15:53 Watch Tower
15:53 Watch Tower
18:47 Stronghold
18:47 Stronghold
19:13 Watch Tower
19:14 Watch Tower
19:14 Watch Tower
19:15 Watch Tower
19:15 Watch Tower
19:16 Watch Tower
19:17 Watch Tower
19:18 Watch Tower
19:19 Watch Tower
20:11 Watch Tower
20:11 Watch Tower
20:12 Watch Tower
20:13 Watch Tower
20:13 Watch Tower
20:14 Watch Tower
20:14 Watch Tower
20:15 Watch Tower
20:16 Watch Tower
20:16 Watch Tower
20:18 Watch Tower
20:20 Watch Tower
22:05 Orc Burrow
26:18 Voodoo Lounge
27:36 Great Hall
27:39 Watch Tower
27:39 Watch Tower
27:39 Watch Tower
27:40 Watch Tower
27:40 Watch Tower
27:40 Watch Tower
27:41 Watch Tower
27:41 Watch Tower
27:42 Watch Tower
27:43 Watch Tower
27:43 Watch Tower
27:44 Watch Tower
27:44 Watch Tower
27:45 Watch Tower
27:45 Watch Tower
29:09 Watch Tower
29:09 Watch Tower
29:10 Watch Tower
29:10 Watch Tower
29:11 Watch Tower
29:13 Watch Tower
29:34 Watch Tower
29:34 Watch Tower
29:35 Watch Tower
29:36 Watch Tower
29:36 Watch Tower
29:37 Watch Tower
29:38 Watch Tower
29:39 Watch Tower
29:52 Watch Tower
30:22 Watch Tower
30:23 Watch Tower
30:23 Watch Tower
30:23 Watch Tower
30:24 Watch Tower
30:24 Watch Tower
30:53 Watch Tower
30:54 Watch Tower
30:56 Watch Tower
31:00 Watch Tower
31:44 War Mill
31:54 Watch Tower
31:55 Watch Tower
31:56 Watch Tower
31:57 Watch Tower
31:58 Watch Tower
32:00 Watch Tower
32:00 Watch Tower
32:06 Watch Tower
32:50 Watch Tower
32:51 Watch Tower
32:52 Watch Tower
32:53 Watch Tower
» items
| Healing Salve | 1 | |
| Lesser Clarity Potion | 2 | |
| Staff of Teleportation | 1 | |
| Boots of Speed | 1 | |
| Tiny Great Hall | 1 | |
| Orb of Lightning | 1 | |
| Potion of Lesser Invulnerability | 1 | |
| Potion of Mana | 1 | |
| Scroll of Town Portal | 1 | |
10 total
Chat log
(00:16 / Allies) CECR: hi
(00:17 / Allies) Warmonger-: is that you purple
(00:22 / Allies) 347834578235782: hmm?
(00:31 / Allies) Warmonger-: hacker?
(00:33 / Allies) CECR: units blue?
(00:37 / Allies) GODBASHER.: wtf lol
(00:39 / Allies) 347834578235782: I'm not a hacker
(00:40 / Allies) GODBASHER.: purple aint no hacker
(00:40 / Allies) 347834578235782: wtf lol
(00:45 / All) Hoarder: UFC 189 in 2 days
(00:47 / All) Hoarder: WOOOOOOOOOOOOO
(00:49 / Allies) Warmonger-: hackers always make accounts with numbers
(00:55 / Allies) 347834578235782: lol..
(01:02 / Allies) GODBASHER.: there is hackers in like every game, blue
(01:02 / Allies) CECR: rifles, mortars here
(01:08 / Allies) Warmonger-: no shit
(01:20 / Allies) Warmonger-: but last week one of these guys had a player on each team
(01:27 / Allies) Warmonger-: used a drop hack
(01:28 / All) GODBASHER.: ufc oh boy, a sport where men in underwear touch each other
(01:38 / Allies) 347834578235782: a player on each team, wtf?
(01:39 / Allies) GODBASHER.: wut happened tho
(01:54 / All) Hoarder: NFL of boy a sport where grown ass men slap each other on the butt
(01:55 / Allies) Warmonger-: so he dropped one of our players and suicided with him
(01:58 / Allies) Warmonger-: then he suicided himself
(02:09 / Allies) 347834578235782: he ran into the enemy?
(02:14 / Allies) Warmonger-: so his other accounton the other team could win
(02:15 / Allies) Warmonger-: not even
(02:19 / Allies) Warmonger-: like he had complete control
(02:22 / Allies) 347834578235782: wow wtf
(02:22 / Allies) Warmonger-: of the entire game
(02:24 / Allies) 347834578235782: never heard of that before
(02:26 / Allies) Warmonger-: could kick anyone at will
(02:43 / Allies) Warmonger-: honestly it made me want to stop playing
(02:53 / Allies) 347834578235782: yeah no kidding man
(02:58 / Allies) 347834578235782: that's so gay wtf
(03:04 / Allies) Warmonger-: and
(03:08 / Allies) Warmonger-: the craziest part is
(03:09 / Allies) Warmonger-: this guy
(03:13 / Allies) Warmonger-: found my personal email
(03:18 / Allies) Warmonger-: because it's linked to this account
(03:21 / Allies) Warmonger-: he was emailing me
(03:30 / Allies) 347834578235782: was his username Shinoda?
(03:37 / Allies) Warmonger-: nah it was a name like yours
(03:47 / Allies) 347834578235782: I once played vs a hacker called that
(03:50 / Allies) 347834578235782: he threatened to sell my identity
(03:51 / Allies) GODBASHER.: he cant find emails from wc3
(04:02 / Allies) 347834578235782: he was a hacker who sold credit cards for a living
(04:08 / Allies) Warmonger-: what a guy
(04:09 / Allies) 347834578235782: he had mercy on me out of his Japanese honour
(04:24 / Allies) GODBASHER.: clear me an expo plz
(05:03 / Allies) CECR: i gave u a cloak purple
(05:04 / Allies) Warmonger-: clear fountain next
(05:17 / Allies) 347834578235782: k
(05:23 / Allies) 347834578235782: pro bm items teal
(05:56 / Allies) CECR: ?
(06:04 / All) GODBASHER.: was trying to take item from purple
(06:06 / All) GODBASHER.: i failed
(06:09 / All) 347834578235782: lol
(06:12 / All) 347834578235782: I gave you gloves of haste
(06:12 / Allies) Warmonger-: rofl
(06:15 / All) 347834578235782: better on your hero
(06:18 / All) Hoarder: 3 hp on my shred
(06:20 / All) 347834578235782: and other item is +1 armour
(06:22 / All) 347834578235782: I just sell that lol
(06:45 / All) GODBASHER.: guess i cnt complain gloves of haist
(07:11 / Allies) 347834578235782: teal
(07:14 / Allies) 347834578235782: I got another pendant of energy LOL
(07:16 / Allies) GODBASHER.: wut
(07:17 / Allies) 347834578235782: and +3 agi
(07:18 / Allies) 347834578235782: boots
(07:18 / Allies) GODBASHER.: lawl
(07:20 / Allies) 347834578235782: if you want
(07:24 / Allies) GODBASHER.: im good
(07:26 / Allies) 347834578235782: k
(08:23 / Allies) Warmonger-: mid
(08:55 / All) GODBASHER.: jessica hacks?
(09:17 / All) 347834578235782: faggot red stole my unholy aura
(09:19 / Allies) CECR: coming
(09:29 / All) GODBASHER.: jessisc a hacks
(09:50 / All) Hoarder: Never trust a woman
(09:57 / All) Hoarder: sooner kiss a cobra than believe a woman's lies
(10:52 / Allies) GODBASHER.: wood
(10:56 / Allies) GODBASHER.: clearing u an island expo rod
(11:30 / Allies) CECR: we need melee
(11:41 / Allies) 347834578235782: you took my jango
(11:41 / Allies) 347834578235782: wtf
(11:46 / Allies) Warmonger-: dude
(11:47 / Allies) GODBASHER.: wood
(11:48 / Allies) Warmonger-: I have no items
(11:49 / Allies) Warmonger-: let me have it
(12:53 / Allies) Warmonger-: omw
(13:55 / Allies) CECR: hit?
(14:03 / Allies) Warmonger-: yeah
(14:04 / Allies) Warmonger-: all meet top
(14:40 / Allies) CECR: gold teal plz
(15:34 / Allies) Warmonger-: gonna need to TP
(15:41 / Allies) Warmonger-: hit
(15:44 / Allies) Warmonger-: TP when they hit us
(15:46 / Allies) Warmonger-: hit this main
(16:20 / Allies) GODBASHER.: hall
(16:32 / All) Warmonger-: LOL
(18:10 / Allies) Warmonger-: good hit
(18:14 / Allies) Warmonger-: they got the worse end of the deal
(19:25 / Allies) Warmonger-: we need to go back
(19:34 / Allies) CECR: teal gold plz
(19:36 / Allies) CECR: u got 6k
(19:59 / Allies) Warmonger-: meet
(20:05 / Allies) CECR: teal gold plz lol
(20:20 / Allies) Warmonger-: come
(20:21 / Allies) Warmonger-: all
(20:23 / Allies) Warmonger-: please
(20:30 / All) 347834578235782: STOP LAGGING FUCKER
(20:42 / Allies) Warmonger-: COME
(20:45 / Allies) Warmonger-: IT'S TIME TO HIT
(20:49 / Allies) CECR: gogogog
(21:04 / Allies) Warmonger-: use ur morts on those towers
(21:05 / All) GODBASHER.: bet u red will be there
(21:16 / Allies) Warmonger-: back up dude
(21:16 / Allies) Warmonger-: come on
(21:55 / Allies) CECR: forget bases
(22:13 / Allies) Warmonger-: yes go next
(22:23 / Allies) GODBASHER.: tp to yellow i say
(22:27 / Allies) CECR: no
(22:29 / Allies) CECR: forget it
(22:32 / Allies) 347834578235782: share control teal
(22:34 / Allies) 347834578235782: for your burrow
(22:49 / Allies) 347834578235782: SHARE CONTROL FGT
(23:20 / Allies) 347834578235782: SHARE CONTROL TEAL
(23:20 / Allies) 347834578235782: wtf
(23:34 / Allies) Warmonger-: what
(23:35 / Allies) Warmonger-: do you want
(23:39 / Allies) 347834578235782: him to share control
(23:44 / Allies) 347834578235782: he just did took forever
(23:46 / Allies) Warmonger-: get b
(23:51 / Allies) Warmonger-: idk where you all are
(23:52 / Allies) Warmonger-: honestly
(24:05 / Allies) CECR: im stcuked lol
(24:09 / Allies) Warmonger-: clear
(24:10 / Allies) Warmonger-: the towers
(24:11 / Allies) 347834578235782: retard noob lol
(24:12 / Allies) GODBASHER.: clear
(24:19 / Allies) GODBASHER.: clear trees so i can biuld shop
(24:21 / Allies) Warmonger-: we had them
(24:25 / Allies) Warmonger-: this is unbelievable
(24:30 / Allies) 347834578235782: noobs lol
(24:32 / Allies) GODBASHER.: YELLOW
(24:35 / Allies) GODBASHER.: CLEAR TREES RETARD
(24:37 / Allies) GODBASHER.: not towers
(24:49 / Allies) 347834578235782: yellow is tk he is going to get your osland killed
(24:58 / All) GODBASHER.: dumbshit
(25:00 / All) GODBASHER.: use ur mortar
(25:06 / Allies) 347834578235782: look at this fucking idiot hahaha
(25:07 / Allies) CECR: just have 1
(25:11 / All) GODBASHER.: WOW
(25:14 / All) GODBASHER.: USE THE ONE THEN
(25:28 / All) GODBASHER.: the trees right by the fucking mortar
(25:30 / All) GODBASHER.: no dumbass
(25:31 / All) GODBASHER.: up
(25:52 / All) 347834578235782: faggot retard bitch killed 2 hawks
(26:02 / All) GODBASHER.: move now yellow i can build htere
(26:08 / Allies) Warmonger-: lol
(26:11 / All) GODBASHER.: jesus christ
(26:12 / Allies) Warmonger-: you guys literally don't have shit
(26:13 / Allies) Warmonger-: amazing
(26:14 / All) GODBASHER.: this guy is fucking slow
(26:22 / Allies) Warmonger-: let my base die for this
(26:32 / Allies) Warmonger-: they're here
(27:01 / Allies) Warmonger-: oh purp is AFK
(27:05 / Allies) Warmonger-: that's why no one has anything
(27:06 / Allies) 347834578235782: no
(27:08 / Allies) 347834578235782: trying to expo
(27:14 / Allies) Warmonger-: you have 4.5k my man
(27:16 / Allies) Warmonger-: what's the story
(27:19 / Allies) 347834578235782: and no income
(27:45 / All) Hoarder: why did bllue decide to leave
(27:49 / Allies) CECR: lol
(27:54 / Allies) 347834578235782: wtf
(27:56 / All) GODBASHER.: because our team
(27:56 / Allies) 347834578235782: faggot teal
(27:58 / Allies) 347834578235782: you tookm y expo
(27:58 / All) GODBASHER.: is just lawl
(28:05 / All) Hoarder: because he was bout to lose his POTM
(28:10 / Allies) 347834578235782: why the hell did you take my island expo
(28:11 / All) GODBASHER.: u took forever expoing there i can cancel my hall rod
(28:21 / All) 347834578235782: Yeah I took forever because it was killed by gryphons twice
(28:23 / All) 347834578235782: cancel
(28:31 / All) GODBASHER.: go u can build
(28:46 / Allies) 347834578235782: k
(33:37 / All) IFEEDMYTEAM: purple u mh
(33:42 / All) 347834578235782: yeh
(34:08 / All) 347834578235782: nice unupgraded burrows
(37:16 / All) GODBASHER.: ping what
(37:29 / All) 347834578235782: wtf still not level 6
(37:35 / Allies) 347834578235782: gold me
(37:57 / Allies) 347834578235782: ty
(39:43 / All) GODBASHER.: green maphack too?
(41:21 / All) GODBASHER.: freaking woman
(41:32 / Allies) 347834578235782: come
(41:33 / Allies) 347834578235782: regen
(41:34 / Allies) 347834578235782: scroll
(41:35 / Allies) 347834578235782: or not
(41:36 / Allies) 347834578235782: w/e
(42:07 / All) Hoarder: It's not my fault you lost your army and have no gold
(43:52 / All) Hoarder: why certain peons queue up for multiple buildings
(43:57 / All) Hoarder: when I want each to build one
(47:31 / All) Hoarder: Aw
(47:33 / All) Hoarder: lol
(47:38 / All) 347834578235782: He tried to "love tap" me
(47:40 / All) GODBASHER.: i dun and goofed up
(47:45 / All) Hoarder: mama don't play datt
(49:39 / All) 347834578235782: raped
(50:02 / All) 347834578235782: no getting off that island lawl
(50:14 / All) 347834578235782: owned you with your own shared control
(50:14 / All) GODBASHER.: im stuck
(50:48 / All) GODBASHER.: how did ur bloodmage die
(51:00 / All) 347834578235782: It didn't
(51:09 / All) GODBASHER.: it did
(51:13 / All) 347834578235782: no
(51:20 / All) GODBASHER.: ping it
(51:24 / All) GODBASHER.: oh
(51:25 / All) GODBASHER.: nvm
(51:37 / All) 347834578235782: lawl idiot
(52:41 / All) Hoarder: mission impossible only one dragon lived
(52:52 / All) 347834578235782: I was spammign stop on as many as I could select too lol
(52:57 / All) Hoarder: the dragonkin will tale this story for many generations
(53:16 / All) Hoarder: goblin labi s so impractical
(53:20 / All) Hoarder: reveal doesn't last long enough
(53:40 / All) Hoarder: it shoould cost 2x and last 3x
(54:06 / All) 347834578235782: it sucks for chasing bms mostly because of the radius
(54:10 / All) 347834578235782: can outrun it instantly
(54:47 / All) Hoarder: you gotta go back to goblin lab to select again
(54:51 / All) Hoarder: anbd then go back to battle field
(57:22 / All) GODBASHER.: jesssica
(57:25 / All) GODBASHER.: are u really a girl
(57:39 / All) 347834578235782: 8-6 so I could believe it
(58:41 / All) Hoarder: last building
(59:20 / All) Hoarder: did you have fun jessica
(59:46 / All) Hoarder: you're gonna have to speak to your therapist about the mean men
(59:52 / All) Hoarder: raping you in this video game
(60:34 / All) Hoarder: WELL WELL WELL